 Dungeon Crawl Stone Soup version 0.31.0-32-g396128a36d (webtiles) character file.

Game seed: 16230847437787704775

10523 AdnanSaban the Basher (level 11, -2/69 HPs)
             Began as a Gargoyle Fighter on Apr 17, 2024.
             Was a High Priest of Okawaru.
             Killed from afar by a rime drake (26 damage)
             ... with an icy flash freeze
             ... on level 1 of the Lair of Beasts.
             The game lasted 00:21:00 (12741 turns).

AdnanSaban the Basher (Gargoyle Fighter)           Turns: 12741, Time: 00:21:00

Health: -2/69      AC: 25    Str: 25    XL:     11   Next: 63%
Magic:  14/14      EV:  8    Int:  8    God:    Okawaru [*****.]
Gold:   603        SH:  5    Dex:  9    Spells: 10/10 levels left

rFire   . . .        O - +2 flail (freeze)
rCold   . . .        c - +0 buckler
rNeg    + + .        a - +0 plate armour
rPois   ∞            (no helmet)
rElec   +            h - +0 cloak
rCorr   .            (no gloves)
SInv    +            b - +0 pair of boots
Will    .....        Q - amulet of magic regeneration Stlth
                     m - ring of positive energy
HPRegen 0.31/turn    A - ring of see invisible
MPRegen 0.54/turn

%: no passive effects
@: no status effects
A: sickness immunity, AC +8, negative energy resistance 1, electricity
resistance, torment resistance 1, petrification resistance
a: Renounce Religion, Heroism, Finesse, Duel


You were on level 1 of the Lair of Beasts.
You worshipped Okawaru.
Okawaru was extremely pleased with you.
You visited 3 branches of the dungeon, and saw 12 of its levels.
You also visited: Sewer.

You collected 603 gold pieces.

Inventory:

Hand Weapons
 O - a +2 flail of freezing (weapon)
Missiles
 q - 21 poisoned darts (quivered)
 D - 2 throwing nets
 J - a curare-tipped dart
 N - 5 boomerangs
Armour
 a - a +0 plate armour (worn)
 b - a +0 pair of boots (worn)
 c - a +0 buckler (worn)
 h - a +0 cloak (worn)
Jewellery
 m - a ring of positive energy (left hand)
 v - a ring of protection from cold
 A - a ring of see invisible (right hand)
 Q - an amulet of magic regeneration (around neck)
Wands
 B - a wand of flame (10)
 K - a wand of iceblast (10)
 P - a wand of polymorph (6)
Scrolls
 e - 5 scrolls of vulnerability {unknown}
 j - 10 scrolls of identify {unknown}
 k - 2 scrolls of butterflies {unknown}
 o - 3 scrolls of fear {unknown}
 p - 5 scrolls of teleportation {unknown}
 r - 3 scrolls of amnesia {unknown}
 t - 2 scrolls of immolation {unknown}
 u - 2 scrolls of blinking {unknown}
 w - 2 scrolls of poison {unknown}
 y - 2 scrolls of revelation {unknown}
 E - 4 scrolls of enchant weapon {unknown}
 F - a scroll of silence {unknown}
 G - a scroll of brand weapon {unknown}
 H - 2 scrolls of fog {unknown}
 I - a scroll of noise {unknown}
 L - a scroll of torment {unknown}
Potions
 d - a potion of might
 f - 5 potions of enlightenment
 g - a potion of mutation {unknown}
 i - 3 potions of heal wounds
 l - 6 potions of curing {unknown}
 n - 3 potions of cancellation {unknown}
 s - 2 potions of haste {unknown}
 x - 2 potions of invisibility {unknown}
 z - 2 potions of lignification {unknown}
 C - a potion of ambrosia {unknown}
 M - a potion of brilliance {unknown}
 R - 2 potions of degeneration {unknown}


   Skills:
 + Level 8.4 Fighting
 + Level 11.3 Maces & Flails
 + Level 3.9 Throwing
 + Level 9.4 Armour
 + Level 3.1 Dodging
 + Level 1.2 Stealth
 + Level 6.7 Shields
 - Level 5.0 Invocations


You had 10 spell levels left.
You didn't know any spells.
Your spell library contained the following spells:

 Spells                   Type           Power      Damage    Failure   Level
 Magic Dart               Conj           0%         1d3       99%         1
 Lesser Beckoning         Tloc           0%         N/A       100%        2
 Static Discharge         Conj/Air       0%         3-3/arc   100%        2
 Frozen Ramparts          Ice            0%         1d1       100%        3
 Gell's Gravitas          Tloc           0%         N/A       100%        3
 Teleport Other           Tloc           0%         N/A       100%        3
 Airstrike                Air            0%         2d(0-16)  100%        4
 Leda's Liquefaction      Alch/Erth      0%         N/A       100%        4
 Petrify                  Alch/Erth      0%         N/A       100%        4
 Arcjolt                  Conj/Air       0%         1d10      100%        5
 Metabolic Englaciation   Hex/Ice        0%         N/A       100%        5
 Chain Lightning          Conj/Air       0%         N/A       100%        9
 Cigotuvi's Dreadful Rot  Necr/Alch/Air  Unusable   N/A       N/A         2
 Summon Lightning Spire   Summ/Air       Unusable   N/A       N/A         4

Dungeon Overview and Level Annotations

Branches:
Dungeon (10/15)            Temple (1/1) D:6            Lair (1/5) D:10
    Orc (0/2) D:10          Sewer (visited)

Altars:
Ashenzari
Cheibriados
Dithmenos
Elyvilon
Fedhas
Gozag
Hepliaklqana
Kikubaaqudgha
Makhleb
Nemelex Xobeh
Okawaru
Qazlal
Ru
Sif Muna
Trog
Uskayaw
Vehumet
Wu Jian
Xom
Yredelemnul
Zin
The Shining One


Innate Abilities, Weirdness & Mutations

You are immune to sickness and miasma.
Your stone body is resilient. (AC +8)
You are immune to poison.
You resist negative energy. (rN+)
You are resistant to electric shocks. (rElec)
You are resistant to unholy torment.
You are immune to petrification.


Message History

You barely miss the black mamba.
The black mamba is lightly wounded.
You block the black mamba's attack. The black mamba closely misses you.
You barely miss the black mamba.
The black mamba is lightly wounded.
The black mamba bites you.
You sock the black mamba!
The black mamba seems to slow down.
You freeze the black mamba.
The black mamba is heavily wounded.
The black mamba bites you!
You are too injured to fight recklessly!
You are too injured to fight recklessly!
You are too injured to fight recklessly!
You are too injured to fight recklessly!
You are too injured to fight recklessly!
You are too injured to fight recklessly!
You are too injured to fight recklessly!
You are too injured to fight recklessly!
You are too injured to fight recklessly!
You are too injured to fight recklessly!
You are too injured to fight recklessly!
You are too injured to fight recklessly!
You are too injured to fight recklessly!
You are too injured to fight recklessly!
You are too injured to fight recklessly!
You are too injured to fight recklessly!
You thump the black mamba!
The black mamba seems to slow down.
You freeze the black mamba.
The black mamba is almost dead.
The black mamba bites you but does no damage.
Unknown command.
You bludgeon the black mamba!! You freeze the black mamba.
You kill the black mamba!
Okawaru accepts your kill.
You barely miss the rime drake.
The rime drake bites you but does no damage.
You closely miss the rime drake. The rime drake breathes ice at you.
The icy flash freeze hits you!!
You die...

#.P.#....#.##... ...#
##...##.P##..##.. ../.#
#####.....####....#.. .....##
..........####...##.
#..8...####.#.......#.###..##.
........#.8.##.....##..##..##.
.......#...........P#.......#.
.8.>.8.+..>.8#......###†##.##.
...........sk@.......#######..
........#.8.##.###..#.........
#..8..########## #..P...P.....
.....# ###.#........ ....#
#....♣♣♣... .... #...♣♣ ♣♣..
..# ##.♣♣♣♣♣♣.. .# #.♣ ♣.....
..♣ ♣.....


You could see a rime drake (catching breath) and a scorpion.

Vanquished Creatures
  A two-headed ogre (D:8)
  A black mamba (Lair:1)
  A cane toad (Lair:1)
  Jeremiah (D:6)
  2 trolls
  A hornet (D:10)
  Sigmund (D:4)
  A shadow (D:10)
  2 wyverns (D:8)
  A warg (Lair:1)
  2 steam dragons
  20 yaks
  Edmund (D:5)
  4 acid dragons
  Duvessa (D:4)
  An orc warrior (D:9)
  A black bear (D:4)
  5 wolves (Lair:1)
  An ogre (D:7)
  A phantom (D:5)
  2 centaurs
  2 kobold brigands
  A bullfrog (D:7)
  2 gnoll sergeants
  2 scorpions (D:4)
  13 wights
  Dowan (D:4)
  9 killer bees
  7 howler monkeys
  5 jellies
  9 orc priests
  A bombardier beetle (D:4)
  3 hounds
  3 iguanas
  A sleepcap (D:6)
  8 orc wizards
  Ijyb (D:4)
  A hell rat (Sewer)
  9 gnolls
  9 adders
  6 river rats (Sewer)
  A shadow imp (D:7)
  3 dart slugs
  6 ribbon worms
  39 orcs
  8 endoplasms
  7 giant cockroaches
  3 goblins
  11 hobgoblins
  4 jackals (D:2)
  4 quokkas
  6 ball pythons
  7 bats
  2 frilled lizards
  14 kobolds
  16 rats
275 creatures vanquished.

Notes
Turn   | Place    | Note
-------+----------+-------------------------------------------
     0 | D:1      | AdnanSaban the Gargoyle Fighter began the quest for the
                  | Orb.
     0 | D:1      | Reached XP level 1. HP: 14/14 MP: 1/1
   191 | D:1      | Reached XP level 2. HP: 14/19 MP: 2/2
   808 | D:2      | Reached XP level 3. HP: 19/24 MP: 3/3
  1018 | D:2      | Got the Papyrus of Exhalation
  1139 | D:2      | Reached skill level 3 in Maces & Flails
  1584 | D:3      | Reached XP level 4. HP: 28/29 MP: 4/4
  1703 | D:3      | Identified the +1 leather armour of Amelioration {rN+}
  2117 | D:3      | Found a faded altar of an unknown god.
  2154 | D:3      | Found a radiant altar of Vehumet.
  2154 | D:3      | Found an ancient bone altar of Kikubaaqudgha.
  2156 | D:3      | Found a shimmering blue altar of Sif Muna.
  2180 | D:3      | Got Vehumet's Papyrus of the Barrage
  2246 | D:3      | Reached skill level 4 in Maces & Flails
  2246 | D:3      | Reached XP level 5. HP: 33/33 MP: 5/5
  2321 | D:4      | Found a glowing drain.
  2350 | D:4      | Reached XP level 6. HP: 33/38 MP: 6/6
  2366 | Sewer    | Entered a sewer
  2396 | Sewer    | Reached skill level 1 in Dodging
  2429 | Sewer    | Reached skill level 5 in Maces & Flails
  2613 | D:4      | Noticed Sigmund
  2813 | D:4      | Killed Sigmund
  2814 | D:4      | Reached XP level 7. HP: 25/44 MP: 7/7
  3094 | D:4      | Noticed Ijyb
  3103 | D:4      | Killed Ijyb
  3342 | D:4      | Reached skill level 1 in Throwing
  3369 | D:4      | Noticed Duvessa
  3369 | D:4      | Noticed Dowan
  3397 | D:4      | Killed Duvessa
  3398 | D:4      | Reached skill level 5 in Armour
  3406 | D:4      | Killed Dowan
  3407 | D:4      | Reached skill level 6 in Maces & Flails
  3407 | D:4      | Reached XP level 8. HP: 19/48 MP: 8/8
  3640 | D:5      | Entered Level 5 of the Dungeon
  3668 | D:5      | Identified the +0 sling of Zin's Reproof {freeze, rElec
                  | rN++ rCorr}
  3808 | D:5      | Noticed Edmund
  3831 | D:4      | Reached skill level 5 in Fighting
  4675 | D:5      | Killed Edmund
  4931 | D:5      | Found a basalt altar of Yredelemnul.
  4931 | D:5      | Found a hazy altar of Hepliaklqana.
  4948 | D:5      | Reached skill level 7 in Maces & Flails
  5070 | D:6      | Found a shimmering altar of Xom.
  5481 | D:6      | Noticed Jeremiah
  5669 | D:6      | Found a staircase to the Ecumenical Temple.
  5694 | Temple   | Entered the Ecumenical Temple
  5740 | Temple   | Became a worshipper of Warmaster Okawaru
  6177 | D:7      | Reached XP level 9. HP: 53/55 MP: 9/9
  6324 | D:7      | Reached skill level 8 in Maces & Flails
  6338 | D:7      | Reached skill level 1 in Invocations
  6758 | D:7      | Reached * piety under Okawaru
  7396 | D:8      | Reached skill level 5 in Shields
  7905 | D:8      | Reached skill level 9 in Maces & Flails
  8168 | D:8      | Found a blossoming altar of Fedhas.
  8229 | D:8      | Reached ** piety under Okawaru
  8230 | D:8      | Reached XP level 10. HP: 54/61 MP: 12/12
  8637 | D:9      | Noticed a two-headed ogre
  8643 | D:9      | Reached skill level 1 in Stealth
  8859 | D:6      | Killed Jeremiah
  9260 | D:8      | Killed a two-headed ogre
  9760 | D:8      | Reached *** piety under Okawaru
  9860 | D:9      | Reached skill level 10 in Maces & Flails
 10089 | D:9      | Found a glowing golden altar of the Shining One.
 10091 | D:9      | Found a stormy altar of Qazlal.
 10315 | D:9      | Reached skill level 5 in Invocations
 10741 | D:10     | Entered Level 10 of the Dungeon
 10865 | D:10     | Found a staircase to the Lair.
 10875 | D:9      | Found a sparkling altar of Nemelex Xobeh.
 10875 | D:9      | Found a hide-covered altar of Uskayaw.
 11028 | D:10     | Reached XP level 11. HP: 45/67 MP: 14/14
 11058 | D:9      | Reached **** piety under Okawaru
 11594 | D:10     | Found a staircase to the Orcish Mines.
 11872 | D:10     | Reached skill level 11 in Maces & Flails
 12158 | Lair:1   | Entered Level 1 of the Lair of Beasts
 12244 | Lair:1   | Reached ***** piety under Okawaru
 12741 | Lair:1   | Killed from afar by a rime drake

Illustrated notes

Levels and vault maps discovered:
D:1:      kennysheep_arrival_seaside, layout_basic
D:2:      layout_loops_cross
D:3:      layout_basic, grunt_temple_overflow_magic_moments,
          shapermc_ecumenical_altar_notcrosses, minmay_vboxes
D:4:      layout_gridville, gup_sewer_entry_glass, uniq_sigmund, uniq_duvessa,
          uniq_ijyb
D:5:      layout_basic, minitemple, uniq_edmund
D:6:      layout_layer_cave, dk_xom_monty_hall, minmay_temple_entry_butterflies,
          minivault_23, uniq_jeremiah
D:7:      wander_river, layout_basic
D:8:      layout_basic, kennysheep_little_box
D:9:      layout_cave_pods, nicolae_overflow_hidden_temple
D:10:     layout_roguey, dpeg_oklobed_lair, orc_0_dummy, special_room
          [special_room_orc], serial_curves, eino_curves_03, eino_curves_04
Temple:   nicolae_temple_bog_church
Lair:1:   beast_lair_carwin_large_2, layout_cave_pods, bh_autumn_forest_stairs,
          serial_bayou_shore_a, grunt_megastairs_3

Skill      XL: |  1  2  3  4  5  6  7  8  9 10 11 |
---------------+----------------------------------+-----
Maces & Flails | 3 4 5 6 7 9 10 11 | 11.3
Armour         | 4 5 6 8 9 |  9.4
Shields        | 4 5 6 |  6.7
Fighting       | 4 5 6 7 8 |  8.4
Dodging        | 1 2 3 |  3.1
Throwing       | 1 2 3 |  3.9
Invocations    | 3 5 |  5.0
Stealth        | 1 |  1.2

Action                     |  1- 3 |  4- 6 |  7- 9 | 10-12 || total
---------------------------+-------+-------+-------+-------++-------
  Melee: Flail             |   195 |   233 |   359 |   448 ||  1235
         Mace              |       |       |    49 |       ||    49
  Throw: Dart              |       |     3 |    31 |    51 ||    85
 Invoke: Heroism           |       |       |       |     3 ||     3
  Evoke: Wand              |       |       |       |     3 ||     3
    Use: Potion            |       |     2 |       |       ||     2
 Armour: Scale mail        |   153 |   227 |   101 |       ||   481
         Chain mail        |       |       |   219 |       ||   219
         Plate armour      |       |       |     8 |   445 ||   453
  Dodge: Dodged            |   111 |   161 |   186 |   179 ||   637
  Block: Buckler           |    64 |    69 |    85 |   113 ||   331
